Map: Paladino Terminal LE

Players

Musumeci

  • Race: Zerg Zerg
  • League: Diamond
  • Spawn Location: 9:00

alpha - Winner!

  • Race: Protoss Protoss
  • League: Diamond
  • Spawn Location: 5:00

VOD

Have the link to the VOD?

Description

Time

  • Played on: Feb. 15, 2017, 5:02 a.m.
  • Length: 10:05
Show
View Real Time Build Order
Export as new Build Order

Musumeci Zerg 

Build Orders: Pool First 

Get SALT Encoding   

  12  0:03  Drone  
  13  0:09  Drone  
  14  0:19  Drone, Extractor  
  15  0:34  Spawning Pool  
  14  0:40  Drone, Extractor  
  15  0:45  Overlord  
  15  1:21  Hatchery  
  15  1:23  Zergling x4  
  16  1:26  Zergling x2  
  18  1:47  Zergling x4  
  17  2:34  Queen  
  17  2:36  Spine Crawler  
  18  2:38  Spine Crawler  
  18  2:39  Zergling x2  
  18  2:40  Spine Crawler, Zergling x4  
  19  2:54  Zergling x2  
  19  2:55  Zergling x2  
  20  3:04  Zergling x2  
  13  3:52  Overlord  
  13  3:54  Zergling x4  
  13  3:55  Zergling x6  
  18  4:17  Queen  
  15  4:35  Zergling x6  
  16  4:47  Zergling x6  
  19  4:52  Queen  
  21  5:12  Zergling x10  
  26  5:30  Drone  
  18  6:01  Queen, Spore Crawler  
  18  6:03  Spore Crawler  
  17  6:17  Drone x3  
  20  6:19  Drone  
  20  6:20  Drone x2  
  21  7:00  Queen  
  21  7:01  Spore Crawler x2  
  22  7:02  Spore Crawler  
  13  7:42  Drone  
  14  7:47  Hatchery  
  13  7:53  Drone  
  14  8:24  Drone x4  
  18  8:39  Drone x2  
  18  8:40  Drone  
  21  8:45  Extractor  
  20  8:59  Drone  
  21  9:17  Roach Warren  
Show
View Real Time Build Order
Export as new Build Order

alpha Protoss - Winner!

Build Orders:  

Get SALT Encoding   

  12  0:01  Probe (Chrono Boost)  
  13  0:11  Probe (Chrono Boost)  
  14  0:24  Pylon, Probe (Chrono Boost)  
  15  0:42  Probe (Chrono Boost)  
  16  0:47  Gateway  
  16  0:51  Pylon  
  16  0:52  Probe (Chrono Boost)  
  17  1:03  Assimilator, Probe (Chrono Boost)  
  18  1:13  Probe (Chrono Boost)  
  19  1:18  Gateway  
  19  1:24  Probe (Chrono Boost)  
  20  1:34  Probe (Chrono Boost)  
  20  1:38  Cybernetics Core  
  21  1:45  Zealot, Probe (Chrono Boost)  
  24  1:55  Assimilator  
  24  1:56  Probe (Chrono Boost)  
  25  2:11  Probe (Chrono Boost)  
  25  2:14  Pylon  
  26  2:22  Mothership Core (Chrono Boost)  
  28  2:33  Forge  
  30  2:50  Warp Gate  
  30  2:58  Zealot  
  30  2:59  Pylon  
  30  3:09  Pylon x2  
  30  3:11  Photon Cannon  
  30  3:21  Adept  
  30  3:24  Stargate  
  30  3:27  Probe (Chrono Boost)  
  33  3:34  Adept  
  33  3:37  Probe (Chrono Boost)  
  30  3:50  Mothership Core (Chrono Boost)  
  32  3:56  Photon Cannon  
  32  3:59  Photon Cannon  
  32  4:15  Void Ray  
  34  4:52  Gateway, Void Ray  
  34  4:53  Gateway  
  36  5:15  Cybernetics Core  
  36  5:16  Photon Cannon  
  36  5:25  Pylon  
  36  5:38  Pylon  
  36  5:39  Pylon  
  35  5:53  Oracle  
  37  6:12  Protoss Ground Weapons Level 1  
  37  6:17  Photon Cannon  
  37  6:20  Pylon  
  37  6:23  Gateway  
  37  6:25  Oracle  
  40  6:36  Probe (Chrono Boost)  
  41  6:44  Adept x2  
  45  6:49  Twilight Council, Probe (Chrono Boost)  
  46  7:26  Resonating Glaives  
  46  7:35  Fleet Beacon  
  46  8:19  Pylon x2  
  46  8:36  Carrier  
  46  8:40  Adept x3  
  58  8:57  Nexus  
  59  9:10  Probe (Chrono Boost)  
  59  9:22  Probe (Chrono Boost)  
  60  9:24  Pylon  
  60  9:34  Probe (Chrono Boost)  
  60  9:46  Probe (Chrono Boost)  
Tags
 
Add a new tag
Caveats
  • Supply blocks, unpowered buildings, or Contaminate may cause inaccurate times.
  • Supply counts are checked every 10 seconds.